 Dungeon Sprint DCSS version 0.27-a0-1158-gaa87e14f67 (webtiles) character file.

Game seed: 7476889403816110503

636 mhtbhm the Destroyer (level 7, -11/36 HPs)
             Began as a Deep Elf Conjurer on May 15, 2021.
             Was a Follower of Vehumet.
             Mangled by a two-headed ogre
             ... wielding a +0 giant spiked club
              (30 damage)
             ... in the Dungeon (Sprint IX: "|||||||||||||||||||||||||||||").
             The game lasted 00:02:19 (439 turns).

mhtbhm the Destroyer (Deep Elf Conjurer)             Turns: 439, Time: 00:02:20

Health: -11/36     AC:  6    Str:  4    XL:     7   Next: 25%
Magic:  4/20       EV: 15    Int: 28    God:    Vehumet [*.....]
Gold:   0          SH:  0    Dex: 13    Spells: 12/22 levels left

rFire    . . .     SeeInvis +   k - +14 obsidian axe {vorpal, Drain Fly SInv}
rCold    . . .     Faith    .   (no shield)
rNeg     . . .     Spirit   .   a - +0 robe
rPois    .         Reflect  .   (no helmet)
rElec    .         Harm     .   i - +0 cloak
rCorr    .         Rampage  .   j - +0 pair of gloves
Will     .....     NoTele   +   (no boots)
Stlth    +++.......             (no amulet)
HPRegen  0.12/turn              l - +2 ring of protection
MPRegen  0.17/turn              m - +3 ring of intelligence

@: flying, mesmerised
A: no striking features
a: Renounce Religion


You were in the Dungeon.
You worshipped Vehumet.
Vehumet was aware of your devotion.
You visited 1 branch

Inventory:

Hand Weapons
 k - the +14 obsidian axe (weapon) {vorpal, Drain Fly SInv}
   (You found it in the Dungeon)

   It inflicts extra damage upon your enemies.
   It lets you see invisible.
   It grants you flight.
   It drains your maximum health when unequipped.
Armour
 a - a +0 robe (worn)
 i - a +0 cloak (worn)
 j - a +0 pair of gloves (worn)
Jewellery
 l - a +2 ring of protection (left hand)
 m - a +3 ring of intelligence (right hand)
Wands
 g - a wand of iceblast (10)
Scrolls
 f - 2 scrolls of amnesia
 h - 2 scrolls of blinking
Potions
 b - 2 potions of magic
 c - a potion of invisibility
 d - 2 potions of heal wounds
 e - 4 potions of curing


   Skills:
 + Level 7.4 Dodging
 + Level 5.4 Stealth
 + Level 2.1 Unarmed Combat
 + Level 8.3 Spellcasting
 + Level 13.8 Conjurations


You had 12 spell levels left.
You knew the following spells:

 Your Spells              Type           Power      Damage    Failure   Level
a - Magic Dart            Conj           100%       1d8       0%          1
b - Searing Ray           Conj           100%       3d7       1%          2
c - Dazzling Flash        Conj/Hex       100%       N/A       1%          3
d - Fulminant Prism       Conj/Hex       25%        3d14      2%          4

Your spell library contained the following spells:

 Spells                   Type           Power      Damage    Failure   Level
 Foxfire                  Conj/Fire      100%       2x1d9     1%          1
 Iskenderun's Mystic Bla  Conj/Tloc      50%        2d11      2%          4


Dungeon Overview and Level Annotations

Branches:
Dungeon (1/1)

Altars:
Cheibriados
Dithmenos
Elyvilon
Fedhas
Gozag
Hepliaklqana
Kikubaaqudgha
Makhleb
Nemelex Xobeh
Okawaru
Qazlal
Ru
Sif Muna
Trog
Uskayaw
Vehumet
Wu Jian
Xom
Yredelemnul
Zin
The Shining One
Beogh
Jiyva
Lugonu


Message History

Ouch! That really hurt!
Your Dodging skill increases to level 6!
Your Spellcasting skill increases to level 7!
Your Conjurations skill increases to level 12!
You have reached level 6!
Your experience leads to an increase in your attributes!
Your base attributes are Str 4, Int 24, Dex 13.
Increase (S)trength, (I)ntelligence, or (D)exterity?
You feel clever.
Unknown command.
Unknown command.
The searing ray hits the yak!
You break out of your daze!
You kill the yak!
Vehumet accepts your kill.
You can now gain magical power from killing.
Vehumet offers you knowledge of Foxfire.
The searing ray hits the yak.
You kill the yak!
Vehumet accepts your kill.
The searing ray hits the two-headed ogre!
The two-headed ogre is lightly wounded.
Visions of slaying the two-headed ogre flood into your mind.
Your Dodging skill increases to level 7!
Your Stealth skill increases to level 5!
Your Unarmed Combat skill increases to level 2!
Your Spellcasting skill increases to level 8!
Your Conjurations skill increases to level 13!
You have reached level 7!
The searing ray hits the two-headed ogre!
The two-headed ogre is heavily wounded.
Unknown command.
The searing ray hits the two-headed ogre!
The two-headed ogre is severely wounded.
The searing ray hits the wight!
The wight is almost destroyed.
You finish channeling your searing ray.
The two-headed ogre hits you with a +0 giant spiked club!!
Ouch! That really hurt!
You die...

▓.▓
▓.▓
▓.▓
▓.▓
▓z▓
▓†▓
▓O▓
▓@▓
▓.▓
▓[▓
▓.▓
▓.▓
▓.▓
▓)▓
▓.▓
▓.▓


You could see a two-headed ogre (mesmerising) and a wight.

Vanquished Creatures
  2 yaks (D)
  A wyvern (D)
  An acid dragon (D)
  A phantom (D)
  An adder (D)
  An adder skeleton (D)
  An orc (D)
  2 bats (D)
  3 hobgoblins (D)
  A quokka (D)
14 creatures vanquished.

Notes
Turn   | Place    | Note
-------+----------+-------------------------------------------
     0 | D        | mhtbhm the Deep Elf Conjurer began the quest for the Orb.
     0 | D        | Reached XP level 1. HP: 10/10 MP: 6/6
    19 | D        | Reached skill level 5 in Conjurations
   173 | D        | Noticed a phantom
   204 | D        | Killed a phantom
   205 | D        | Reached skill level 8 in Conjurations
   205 | D        | Reached XP level 2. HP: 15/15 MP: 2/9
   205 | D        | Reached XP level 3. HP: 19/19 MP: 2/11
   205 | D        | Reached XP level 4. HP: 24/24 MP: 2/12
   217 | D        | Reached skill level 5 in Spellcasting
   217 | D        | Reached skill level 9 in Conjurations
   328 | D        | Found a snail-covered altar of Cheibriados.
   328 | D        | Found a shadowy altar of Dithmenos.
   328 | D        | Found a white marble altar of Elyvilon.
   328 | D        | Found a blossoming altar of Fedhas.
   328 | D        | Found an opulent altar of Gozag.
   329 | D        | Found a hazy altar of Hepliaklqana.
   330 | D        | Found a viscous altar of Jiyva.
   331 | D        | Found an ancient bone altar of Kikubaaqudgha.
   332 | D        | Found a corrupted altar of Lugonu.
   333 | D        | Found a burning altar of Makhleb.
   334 | D        | Found a sparkling altar of Nemelex Xobeh.
   335 | D        | Found an iron altar of Okawaru.
   336 | D        | Found a stormy altar of Qazlal.
   337 | D        | Found a sacrificial altar of Ru.
   338 | D        | Found a shimmering blue altar of Sif Muna.
   339 | D        | Found a bloodstained altar of Trog.
   340 | D        | Found a hide-covered altar of Uskayaw.
   341 | D        | Found a radiant altar of Vehumet.
   342 | D        | Found an ornate altar of the Wu Jian Council.
   343 | D        | Found a shimmering altar of Xom.
   344 | D        | Found a basalt altar of Yredelemnul.
   345 | D        | Found a glowing silver altar of Zin.
   346 | D        | Found a glowing golden altar of the Shining One.
   349 | D        | Became a worshipper of Vehumet
   356 | D        | Found the +14 obsidian axe {vorpal, Drain Fly SInv}
   416 | D        | Noticed a two-headed ogre
   416 | D        | Noticed a yak
   416 | D        | Noticed a wyvern
   416 | D        | Noticed an acid dragon
   416 | D        | Noticed a yak
   421 | D        | Learned a level 2 spell: Searing Ray
   425 | D        | Learned a level 3 spell: Dazzling Flash
   430 | D        | Learned a level 4 spell: Fulminant Prism
   434 | D        | Killed an acid dragon
   435 | D        | Reached skill level 5 in Dodging
   435 | D        | Reached skill level 1 in Unarmed Combat
   435 | D        | Reached skill level 11 in Conjurations
   435 | D        | Reached XP level 5. HP: 28/28 MP: 8/15
   435 | D        | Killed a wyvern
   436 | D        | Reached skill level 12 in Conjurations
   436 | D        | Reached XP level 6. HP: 16/32 MP: 6/18
   436 | D        | Killed a yak
   436 | D        | Reached * piety under Vehumet
   436 | D        | Offered knowledge of Foxfire by Vehumet.
   436 | D        | Killed a yak
   437 | D        | Reached skill level 5 in Stealth
   437 | D        | Reached skill level 13 in Conjurations
   437 | D        | Reached XP level 7. HP: 18/36 MP: 5/20
   439 | D        | Mangled by a two-headed ogre

Illustrated notes

Levels and vault maps discovered:
D:        linesprint [early_d, line_temple, items_1, d_10, items_2, lair_1,
          lair_end, items_3, orc_1, orc_end, items_4, d_15, swamp_1, shoals_1,
          snake_1, spider_1, d_20, vaults_1, items_5, swamp_end, shoals_end,
          snake_end, spider_end, vaults_end, d_27, items_6, zot_1, zot_end,
          crypt_end, forest_end, elf_end, slime_end, tomb_end, abyss_end,
          pan_hell_end]

Skill      XL: |  1  2  3  4  5  6 |
---------------+-------------------+-----
Conjurations   | 8 11 12 13 | 13.8
Dodging        | 4 5 6 7 |  7.4
Stealth        | 3 4 5 |  5.4
Spellcasting   | 4 6 7 8 |  8.3
Unarmed Combat | 1 2 |  2.1

Action                   |  1- 3 |  4- 6 |  7- 9 || total
-------------------------+-------+-------+-------++-------
Melee: Unarmed           |     1 |    17 |       ||    18
 Cast: Magic Dart        |    26 |     3 |       ||    29
       Searing Ray       |       |     2 |       ||     2
  Use: Potion            |     5 |     1 |       ||     6
Armor: Robe              |     2 |     3 |       ||     5
Dodge: Dodged            |    13 |    12 |       ||    25

Table legend: (Time is in decaauts)
 A = Elapsed time spent in this place.
 B = Non-inter-level travel time spent in this place.
 C = Inter-level travel time spent in this place.
 D = Time resting spent in this place.
 E = Time spent auto-exploring this place.
 F = Levels seen in this place.
 G = Mean time per level.
                   A        B        C        D        E       F      G
               +--------+--------+--------+--------+--------+-----+--------+
         Total |    427 |    427 |      0 |    256 |      0 |   1 |  427.0 |
       Dungeon |    427 |    427 |      0 |    256 |      0 |   1 |  427.0 |
               +--------+--------+--------+--------+--------+-----+--------+

Top non-repeatable levels by time:
       D: 427 daAuts
